 Seeded DCSS version 0.30.1-11-g7821555f0a (webtiles) character file.

Game seed: 6245884229887761738 (custom seed)

10 Psyclone the Conjurer (level 2, 15/15 HPs)
             Began as a Deep Elf Conjurer on Nov 9, 2023.
             Was an Initiate of Gozag.
             Quit the game on level 1 of the Dungeon.
             The game lasted 00:00:48 (235 turns).

Psyclone the Conjurer (Deep Elf Conjurer)            Turns: 235, Time: 00:00:48

Health: 15/15      AC:  2    Str:  4    XL:     2   Next: 10%
Magic:  7/8        EV: 12    Int: 22    God:    Gozag
Gold:   18         SH:  0    Dex: 13    Spells: 4/7 levels left

rFire   . . .        (no weapon)
rCold   . . .        (no shield)
rNeg    . . .        a - +0 robe
rPois   .            (no helmet)
rElec   .            (no cloak)
rCorr   .            (no gloves)
SInv    .            (no boots)
Will    .....        (no amulet)
Stlth   ++           (no ring)
HPRegen 0.22/turn    (no ring)
MPRegen 0.11/turn

%: no passive effects
@: no status effects
A: no striking features
a: Renounce Religion, Potion Petition, Call Merchant, Bribe Branch


You were on level 1 of the Dungeon.
You worshipped Gozag.
Gozag was noncommittal.
You visited 1 branch of the dungeon, and saw 2 of its levels.

You collected 18 gold pieces.

Inventory:

Armour
 a - a +0 robe (worn)
Jewellery
 c - an amulet of magic regeneration
Scrolls
 d - 3 scrolls of identify {unknown}
Potions
 b - a potion of magic


   Skills:
 - Level 2.4 Dodging
 - Level 2.4 Stealth
 + Level 3.3 Spellcasting
 * Level 4.8 Conjurations


You had 4 spell levels left.
You knew the following spells:

 Your Spells              Type           Power      Damage    Failure   Level
a - Magic Dart            Conj           96%        1d7       1%          1
b - Searing Ray           Conj           48%        2d6       2%          2

Your spell library contained the following spells:

 Spells                   Type           Power      Damage    Failure   Level
 Dazzling Flash           Conj/Hex       28%        N/A       14%         3
 Fulminant Prism          Conj/Hex       7%         3d7       41%         4
 Iskenderun's Mystic Bla  Conj/Tloc      14%        2d5       41%         4


Dungeon Overview and Level Annotations

Branches:
Dungeon (2/15) Zot: 11764

Altars:
Gozag


Message History

Confirm with . or Enter, or press ? or * to list all spells.
Restarting spell: Searing Ray (safe; 2% risk of failure)
Press: ? - help, Shift-Dir - straight line, f/p - quokka
Aim: a quokka (71% to hit)
The searing ray hits the quokka!
You kill the quokka! (Press . to maintain the ray.)
The bat hits you but does no damage.
You now have 4/8 mp.
The bat barely misses you. The bat hits you. The bat closely misses you.
The bat hits you but does no damage. The bat attacks as you move away!
The bat misses you.
Found a book of Geomancy.
The bat hits you but does no damage. The bat barely misses you.
You see here 3 gold pieces.
The bat is distracted by your dazzling golden aura.
The bat is no longer distracted by gold.
The bat barely misses you. The bat attacks as you move away!
The bat hits you but does no damage. The bat barely misses you.
The bat closely misses you.
You see here a book of Geomancy.
The bat hits you but does no damage. The bat closely misses you.
The bat barely misses you. The bat closely misses you. x2
The bat attacks as you move away! The bat hits you. The bat closely misses you.
The bat hits you but does no damage.
There is a stone staircase leading down here.
You climb downwards.
There is a stone staircase leading up here.
You regained 2 mp, and now have 6/8 mp.
Okay, then.
You climb upwards.
The bat closely misses you. x2
There is a stone staircase leading down here.
Unknown command.
Unknown command.
Are you sure you want to abandon this character and quit the game? (Confirm with "yes".)

##.........#......#
#........##...<..##
#.
#...#..###.......#
...#######.
##..#...##..##
........#
############
........######
.............##
..............##
.........b@....#
...............#
.......$.......#
###............#
###..........#
##........##
#..........#
#..........#
#.........:#


You could see a bat.

Vanquished Creatures
  A bat (D:1)
  3 endoplasms (D:1)
  2 quokkas (D:1)
  A kobold (D:1)
  2 rats (D:1)
9 creatures vanquished.

Notes
Turn   | Place    | Note
-------+----------+-------------------------------------------
     0 | D:1      | Psyclone the Deep Elf Conjurer began the quest for the Orb.
     0 | D:1      | Reached XP level 1. HP: 10/10 MP: 6/6
   122 | D:1      | Found a faded altar of an unknown god.
   138 | D:1      | Prayed at the altar of an unknown god.
   138 | D:1      | Became a worshipper of Gozag Ym Sagoz the Greedy
   145 | D:1      | Reached XP level 2. HP: 15/15 MP: 6/8
   148 | D:1      | Learned a level 2 spell: Searing Ray
   235 | D:1      | Quit the game

Illustrated notes

Levels and vault maps discovered:
D:1:      dpeg_arrival_arbitrary_a, layout_rooms,
          shapermc_ecumenical_altar_mp_highgroup, hangedman_abyss_or_decor_stabs
D:2:      layout_loops_cross, uniq_natasha

Action                     || total
---------------------------++-------
   Cast: Magic Dart        ||    11
         Searing Ray       ||     2
 Armour: Robe              ||     6
  Dodge: Dodged            ||    15
